 Dungeon Crawl Stone Soup version 0.17.0-18-gaab0e96 (webtiles) character file.

594 Jaden271 the Covered (level 7, -3/64 HPs)
             Began as a Deep Dwarf Fighter on Nov 11, 2015.
             Was a Believer of Nemelex Xobeh.
             Slain by an ogre
             ... wielding a cursed +0 giant club
              (11 damage)
             ... on level 4 of the Dungeon.
             The game lasted 00:47:24 (4126 turns).

Jaden271 the Covered (Deep Dwarf Fighter)           Turns: 4126, Time: 00:47:25

Health: -3/64      AC: 12    Str: 21    XL:     7   Next: 16%
Magic:  1/1        EV:  5    Int:  8    God:    Nemelex Xobeh [**....]
Gold:   195        SH: 10    Dex: 13    Spells: 0 memorised, 6 levels left

rFire  . . .     SeeInvis .     a - +0 war axe
rCold  . . .     Clarity  .     s - +0 chain mail
rNeg   . . .     SustAt   .     c - +0 shield
rPois  .         Gourm    +     (no helmet)
rElec  .         Spirit   .     h - +0 cloak
rCorr  .         Warding  .     A - +0 pair of gloves
rMut   .         Stasis   .     (no boots)
MR     +....                    B - amulet of the gourmand
Stlth  ..........               (no ring)
                                m - ring of flight

@: lethally poisoned (-3 -> -7), non-regenerating, somewhat resistant to hostile
enchantments, extremely unstealthy
A: damage resistance, recharge devices, sense surroundings 1, slow regeneration
3
a: Device Recharging, Renounce Religion, Evoke Flight


You were on level 4 of the Dungeon.
You worshipped Nemelex Xobeh.
Nemelex Xobeh was pleased with you.
You were not hungry.

You visited 1 branch of the dungeon, and saw 4 of its levels.

You collected 195 gold pieces.

Inventory:

Hand Weapons
 a - a +0 war axe (weapon)
 k - a +1 dagger of holy wrath
Missiles
 j - 21 silver sling bullets
Armour
 b - a +0 scale mail
 c - a +0 shield (worn)
 h - a +0 cloak (worn)
 s - a +0 chain mail (worn)
 w - a +2 animal skin
 A - a +0 pair of gloves (worn)
Jewellery
 g - an uncursed ring of protection from cold
 l - an uncursed amulet of regeneration {unknown}
 m - a ring of flight (left hand)
 B - an amulet of the gourmand (around neck)
Wands
 e - a wand of heal wounds (8)
 v - a wand of hasting (4)
Scrolls
 r - a scroll of amnesia
 u - 2 scrolls of noise
 x - 2 scrolls of teleportation
Potions
 d - 2 potions of might
 n - a potion of magic
 o - 3 potions of curing
 p - a potion of agility {unknown}
 q - 2 potions of heal wounds {unknown}
 z - a potion of mutation {unknown}
Miscellaneous
 y - an ornate deck of destruction {drawn: 1}
 D - a plain deck of war {drawn: 2}
Comestibles
 f - a bread ration
 i - a royal jelly
 t - a slice of pizza
 C - 3 fruits


   Skills:
 + Level 4.0 Fighting
 * Level 4.9 Axes
 + Level 5.4 Armour
 + Level 5.1 Shields
 * Level 2.0 Evocations


You had 6 spell levels left.
You didn't know any spells.

Dungeon Overview and Level Annotations

Branches:
Dungeon (4/15)
 Temple: D:4-7

Altars:
Gozag
Nemelex Xobeh
Qazlal

Shops:
D:4 %


Innate Abilities, Weirdness & Mutations

You are resistant to damage.
You can recharge devices by infusing magical energy.
You passively map a small area around you.
You do not regenerate naturally.


Message History

You completely miss the ogre.
You feel very sick.
The green ugly thing basks in the mutagenic energy from its kin and changes!
Your shield and chain mail prevent you from hitting the purple ugly thing.
You barely miss the ogre.
You feel very sick. The ogre hits you with a giant club.
Your purple ugly thing trunk-slaps the purple ugly thing.
The ogre hits you with a giant club!!
* * * LOW HITPOINT WARNING * * *
You closely miss the purple ugly thing.
The purple ugly thing is lightly wounded.
Your shield and chain mail prevent you from hitting the ogre.
You feel very sick.
Your purple ugly thing trunk-slaps the purple ugly thing but does no damage.
The purple ugly thing tentacle-slaps you but does no damage.
Your purple ugly thing trunk-slaps the purple ugly thing.
The ogre hits you with a giant club!
You die...
Your body glows slightly and disappears.

################ ...............#
##############.########## #
#..........# ####### ### ###
###########.# #...... ..# #...
#...##....#.# #.#####
..######...##...##....#.###'#####
................##....#.##.......
...............O@uu......'.......
.#...............#......##.......
.#......##.......#.......#...#...
.#.....,*#......#######..##......
...##########..##.....##.##......
...# #.........#...(...#.##......
...# #.......###.....(.#.##......
...# #.......# #.......#.........
...####.....#####.....##.........


You could see a purple ugly thing, an ogre and a friendly purple ugly thing.

Vanquished Creatures
  An ogre (D:4)
  A scorpion (D:4)
  4 orc priests
  An iguana (D:4)
  A worker ant (D:4)
  Robin (D:3)
  4 gnolls (D:3)
  4 adders
  An adder skeleton (D:4)
  2 worms (D:2)
  14 orcs
  10 hobgoblins
  6 jackals
  A ball python (D:2)
  12 bats
  4 giant newts
  22 goblins
  6 kobolds
  3 quokkas
  11 rats
109 creatures vanquished.

Vanquished Creatures (collateral kills)
  The ghost of ventricule the Chopper, an amateur TeAM (D:4)
  A goblin (D:3)
2 creatures vanquished.

Grand Total: 111 creatures vanquished

Notes
Turn   | Place    | Note
--------------------------------------------------------------
     0 | D:1      | Jaden271 the Deep Dwarf Fighter began the quest for the Orb.
     0 | D:1      | Reached XP level 1. HP: 20/20 MP: 1/1
   374 | D:1      | Reached XP level 2. HP: 24/27 MP: 2/2
  1113 | D:2      | Reached XP level 3. HP: 32/34 MP: 2/2
  1177 | D:2      | HP: 1/34 [worm (5)]
  1512 | D:2      | Found a sparkling altar of Nemelex Xobeh.
  1555 | D:2      | Became a worshipper of Nemelex Xobeh the Trickster
  1916 | D:3      | Reached XP level 4. HP: 37/42 MP: 3/3
  1982 | D:3      | Reached skill level 4 in Armour
  2015 | D:3      | Received a gift from Nemelex Xobeh
  2096 | D:3      | Noticed Robin
  2163 | D:3      | Killed Robin
  2313 | D:3      | Found a stormy altar of Qazlal.
  2313 | D:3      | Noticed a water elemental
  2317 | D:3      | Noticed an air elemental
  2317 | D:3      | Noticed a fire elemental
  2317 | D:3      | Noticed an earth elemental
  2408 | D:3      | Reached XP level 5. HP: 9/49 MP: 4/4
  2501 | D:3      | Reached * piety under Nemelex Xobeh
  2783 | D:3      | Found an opulent altar of Gozag.
  3335 | D:4      | Reached XP level 6. HP: 38/56 MP: 2/2
  3370 | D:4      | Found Dipust's Food Shoppe.
  3419 | D:4      | Received a gift from Nemelex Xobeh
  3426 | D:4      | Reached skill level 1 in Evocations
  3479 | D:4      | Noticed ventricule's ghost (amateur TeAM)
  3485 | D:4      | Killed ventricule's ghost
  3485 | D:4      | Reached skill level 5 in Armour
  3485 | D:4      | Reached skill level 5 in Shields
  3495 | D:4      | Reached ** piety under Nemelex Xobeh
  3616 | D:4      | Noticed an ogre
  3630 | D:4      | Killed an ogre
  3764 | D:4      | Received a gift from Nemelex Xobeh
  3838 | D:4      | Reached XP level 7. HP: 28/63 MP: 4/4
  4120 | D:4      | Noticed a green ugly thing
  4126 | D:4      | Slain by an ogre

Action                   |  1- 3 |  4- 6 |  7- 9 || total
-------------------------+-------+-------+-------++-------
Melee: War axe           |    47 |   106 |    18 ||   171
       Hand axe          |   169 |   237 |       ||   406
 Abil: Device Recharging |     1 |     3 |     3 ||     7
Evoke: Wand              |     3 |    17 |     1 ||    21
       Deck              |       |     7 |     1 ||     8
  Use: Scroll            |     8 |     3 |       ||    11
  Eat: Chunk             |     1 |     2 |       ||     3
       Beef jerky        |     2 |       |       ||     2
       Meat ration       |       |     1 |       ||     1
       Bread ration      |       |     1 |       ||     1
